 Dungeon Crawl Stone Soup version 0.30-a0-862-g1aabd4f9c5 (webtiles) character file.

Game seed: 2247566745886471125

366 avis the Slasher (level 6, -2/52 HPs)
             Began as a Demigod Warper on Mar 10, 2023.
             Slain by Pikel
             ... wielding a +2 whip of freezing
              (3 damage)
             ... on level 5 of the Dungeon.
             The game lasted 00:26:51 (3837 turns).

avis the Slasher (Demigod Warper)                   Turns: 3837, Time: 00:26:51

Health: -2/52      AC:  6    Str: 12    XL:     6   Next: 17%
Magic:  11/11      EV: 18    Int: 15    God:
Gold:   218        SH:  0    Dex: 21    Spells: 9/9 levels left

rFire   . . .      SeeInvis .    a - +0 falchion
rCold   . . .      Faith    .    (no shield)
rNeg    . . .      Spirit   .    h - +0 leather armour
rPois   .          Reflect  .    (no helmet)
rElec   .          Rampage  .    (no cloak)
rCorr   .                        k - +1 pair of gloves
Will    .....                    z - +0 pair of boots
Stlth   ++                       C - amulet of magic regeneration
HPRegen 0.28/turn                f - +5 ring of evasion
MPRegen 0.52/turn                (no ring)

@: hasted, very quick
A: high MP 1, forlorn, divine attributes
a: no special abilities


You were on level 5 of the Dungeon.
You visited 2 branches of the dungeon, and saw 6 of its levels.

You collected 218 gold pieces.

Inventory:

Hand Weapons
 a - a +0 falchion (weapon)
 b - a +0 shortbow
Missiles
 d - 4 boomerangs of dispersal (quivered)
 u - 2 datura-tipped darts
Armour
 h - a +0 leather armour (worn)
 j - an orb of light
 k - a +1 pair of gloves (worn)
 z - a +0 pair of boots (worn)
Jewellery
 f - a +5 ring of evasion (left hand)
 C - an amulet of magic regeneration (around neck)
Wands
 v - a wand of digging (8)
 D - a wand of paralysis (22)
 E - a wand of iceblast (9)
 I - a wand of mindburst (15)
Scrolls
 c - a scroll of blinking
 e - a scroll of enchant weapon {unknown}
 l - 2 scrolls of amnesia {unknown}
 p - 2 scrolls of poison {unknown}
 q - a scroll of torment {unknown}
 t - a scroll of noise {unknown}
 y - 2 scrolls of teleportation {unknown}
 A - a scroll of enchant armour {unknown}
 B - 2 scrolls of fear {unknown}
 G - 3 scrolls of immolation {unknown}
Potions
 g - a potion of magic
 i - 2 potions of flight
 o - 2 potions of might
 w - a potion of haste
 H - a potion of invisibility


   Skills:
 - Level 4.0 Fighting
 * Level 4.1 Long Blades
 - Level 0.8 Throwing
 - Level 0.8 Armour
 - Level 3.0 Dodging
 - Level 2.0 Spellcasting
 - Level 3.0 Translocations


You had 9 spell levels left.
You didn't know any spells.
Your spell library contained the following spells:

 Spells                   Type           Power      Damage    Failure   Level
 Blink                    Tloc           20%        N/A       12%         2
 Lesser Beckoning         Tloc           20%        N/A       12%         2
 Teleport Other           Tloc           10%        N/A       24%         3
 Portal Projectile        Hex/Tloc       12%        N/A       41%         3
 Vhi's Electric Charge    Tloc/Air       12%        N/A       41%         3
 Call Canine Familiar     Summ           1%         N/A       63%         3
 Manifold Assault         Tloc           10%        N/A       63%         4
 Leda's Liquefaction      Hex/Erth       0%         N/A       95%         4


Dungeon Overview and Level Annotations

Branches:
Dungeon (5/15)             Temple (1/1) D:5

Annotations:
D:5 Pikel


Innate Abilities, Weirdness & Mutations

You have an increased reservoir of magic. (+10% MP)
You shall have no god before yourself.
Your divine heritage dramatically boosts your attributes as you level up.


Message History

Pikel completely misses you.
You closely miss Pikel. You punch Pikel, but do no damage.
Pikel is almost dead.
You barely miss Pikel.
Pikel is almost dead.
Pikel hits you with a +2 whip of freezing.
* * * LOW HITPOINT WARNING * * *
Pikel freezes you.
* * * LOW HITPOINT WARNING * * *
You hit Pikel but do no damage.
Pikel is almost dead.
Pikel misses you.
You closely miss Pikel.
Pikel is almost dead.
Pikel hits you but does no damage.
You hit Pikel but do no damage.
Pikel is almost dead.
Pikel hits you with a +2 whip of freezing.
* * * LOW HITPOINT WARNING * * *
Pikel freezes you.
* * * LOW HITPOINT WARNING * * *
You feel better.
You hit Pikel but do no damage.
Pikel is almost dead.
Pikel hits you with a +2 whip of freezing.
* * * LOW HITPOINT WARNING * * *
Pikel freezes you.
* * * LOW HITPOINT WARNING * * *
You feel better.
Pikel hits you with a +2 whip of freezing.
* * * LOW HITPOINT WARNING * * *
Pikel freezes you.
* * * LOW HITPOINT WARNING * * *
You closely miss Pikel.
Pikel is severely wounded.
You feel better.
Pikel hits you with a +2 whip of freezing!
* * * LOW HITPOINT WARNING * * *
Pikel freezes you.
You die...

#....# #....#
....# ...# #..#
#..# #..#########
#.####.....555K@#
........#########
#.........$55K5
###############


You could see Pikel and 3 lemures.

Vanquished Creatures
  Sigmund (D:2)
  A scorpion (D:5)
  An orc priest (D:3)
  An orc wizard (D:3)
  2 adders
  A white imp (D:5)
  2 ufetubi
  A worm (D:4)
  A dart slug (D:4)
  6 orcs
  10 ball pythons
  7 endoplasms
  3 giant cockroaches
  3 goblins (D:1)
  2 hobgoblins (D:1)
  6 kobolds
  A quokka (D:1)
  5 bats
  2 frilled lizards
  4 rats
60 creatures vanquished.

Vanquished Creatures (others)
  A demonic plant (D:3)
1 creature vanquished.

Grand Total: 61 creatures vanquished

Notes
Turn   | Place    | Note
-------+----------+-------------------------------------------
     0 | D:1      | avis the Demigod Warper began the quest for the Orb.
     0 | D:1      | Reached XP level 1. HP: 17/17 MP: 5/5
   142 | D:1      | Reached XP level 2. HP: 24/24 MP: 7/7
   996 | D:2      | Reached XP level 3. HP: 24/30 MP: 8/8
  1285 | D:2      | Noticed Sigmund
  1298 | D:2      | Killed Sigmund
  1299 | D:2      | Reached XP level 4. HP: 38/38 MP: 9/9
  1299 | D:2      | Reached XP level 5. HP: 45/45 MP: 10/10
  3257 | D:5      | Entered Level 5 of the Dungeon
  3355 | D:5      | Reached XP level 6. HP: 26/52 MP: 11/11
  3503 | D:5      | Found a staircase to the Ecumenical Temple.
  3511 | Temple   | Entered the Ecumenical Temple
  3787 | D:5      | Noticed Pikel
  3832 | D:5      | HP: 2/52 [Pikel/+2 whip of freezing (3)]
  3837 | D:5      | HP: 1/52 [Pikel/+2 whip of freezing (11)]
  3837 | D:5      | Slain by Pikel

Illustrated notes

Levels and vault maps discovered:
D:1:      ncdulo_watergridlock, layout_loops_ring, chequers_serial_rivers_room_b
D:2:      layout_loops_cross, minmay_hedge_maze, uniq_sigmund
D:3:      layout_basic, grunt_qazlal_clouds,
          dreamdust_ecumenical_altar_sealed_demon
D:4:      layout_cave_pools, eat_drink_and_be_merry_uskayaw,
          mainiacjoe_overflow_catwalk_spiral, serial_forest,
          infiniplex_forest_end_2, infiniplex_forest_clump_medium,
          infiniplex_forest_zigzag_2, infiniplex_forest_clump_curved,
          infiniplex_forest_clump_large, infiniplex_forest_clump_double,
          infiniplex_forest_clump_curved
D:5:      layout_basic, minmay_temple_entry_overgrown, uniq_pikel
Temple:   chequers_temple_sunken

Skill      XL: |  1  2  3  4  5 |
---------------+----------------+-----
Fighting       | 2 3 4 |  4.0
Long Blades    | 2 4 |  4.1
Dodging        | 2 3 |  3.0
Spellcasting   | 2 |  2.0
Translocations | 3 |  3.0
Throwing       | |  0.8
Armour         | |  0.8

Action                     |  1- 3 |  4- 6 || total
---------------------------+-------+-------++-------
  Melee: Falchion          |    58 |   101 ||   159
         Punch             |       |     4 ||     4
   Fire: Sling             |    40 |    51 ||    91
         Shortbow          |       |     6 ||     6
  Throw: Boomerang         |     3 |       ||     3
         Dart              |     1 |       ||     1
    Use: Scroll            |       |    10 ||    10
         Potion            |       |     5 ||     5
 Armour: Leather armour    |    29 |    31 ||    60
  Dodge: Dodged            |    43 |    58 ||   101

Table legend: (Time is in decaauts)
 A = Elapsed time spent in this place.
 B = Non-inter-level travel time spent in this place.
 C = Inter-level travel time spent in this place.
 D = Time resting spent in this place.
 E = Time spent auto-exploring this place.
 F = Levels seen in this place.
 G = Mean time per level.
                   A        B        C        D        E       F      G
               +--------+--------+--------+--------+--------+-----+--------+
         Total |   3928 |   3436 |    492 |    413 |   1972 |   6 |  654.7 |
       Dungeon |   3701 |   3241 |    460 |    413 |   1806 |   5 |  740.2 |
        Temple |    227 |    195 |     32 |      0 |    166 |   1 |  227.0 |
               +--------+--------+--------+--------+--------+-----+--------+

Top non-repeatable levels by time:
     D:1: 1042 daAuts
     D:4: 786 daAuts
     D:2: 780 daAuts
     D:3: 735 daAuts
     D:5: 356 daAuts
  Temple: 227 daAuts
